| TOP OF THE 1ST |
|
Lakewood BlueClaws batting - Pitching for Hartford Yard Goats : LHP Randy Rowland
|
|
Pitching: LHP Randy Rowland
|
|
|
Batting: RHB Alberto Ramirez
|
0-0: Called Strike 0-1: Fly out, F9 (Flyball, 89S, EV 89.4 MPH)
|
|
Batting: RHB Victor Arroyo
|
0-0: Ball 1-0: Called Strike 1-1: Swinging Strike 1-2: Strikes out swinging
|
|
Batting: RHB Danny Krug
|
0-0: Ground out U3 (Groundball, 34S, EV 85.6 MPH)
|
| Top of the 1st over - 0 runs, 0 hits, 0 errors, 0 left on base; Lakewood 0 - Hartford 0 |
| BOTTOM OF THE 1ST |
|
Hartford Yard Goats batting - Pitching for Lakewood BlueClaws : RHP Chris Perteet
|
|
Pitching: RHP Chris Perteet
|
|
|
Batting: SHB Eddie Quinones
|
0-0: Ball 1-0: Ball 2-0: Called Strike 2-1: Ball 3-1: Base on Balls
|
|
Batting: SHB Bobby Santor
|
0-0: Called Strike Eddie Quinones steals 2nd base (no throw) 0-1: Foul Ball, location: 2F 0-2: Foul Ball, location: 2F 0-2: Ball 1-2: Ball 2-2: Strikes out swinging
|
|
Batting: SHB Pete Perla
|
0-0: Foul Ball, location: 2F 0-1: Ball 1-1: Foul Ball, location: 2F 1-2: Ball 2-2: Foul Ball, location: 2F 2-2: Foul Ball, location: 2F 2-2: Ball 3-2: Foul Ball, location: 2F 3-2: Base on Balls
|
|
Batting: LHB Jeremy Brammer
|
0-0: Ball 1-0: SINGLE (Flyball, 5D, EV 90.6 MPH) Eddie Quinones to third Pete Perla to second
|
|
Batting: RHB Kian-tat Chen
|
0-0: Ball 1-0: Ball 2-0: Foul Ball, location: 2F 2-1: Ball 3-1: Fly out, F8 (Line Drive, 8RD, EV 92.5 MPH) Runner from 3rd tags up, SCORES, no throw by CF
|
|
Batting: RHB Justin Williams
|
0-0: Foul Ball, location: 2F 0-1: Foul Ball, location: 2F 0-2: SINGLE (Flyball, 5D, EV 95.6 MPH) Pete Perla to third Jeremy Brammer to second Runner from 3rd tries for Home, SAFE, throw by LF to home
|
|
Batting: RHB Eric Garrett
|
0-0: Ball 1-0: Swinging Strike 1-1: Ball 2-1: Ball 3-1: Called Strike 3-2: Base on Balls Jeremy Brammer to third Justin Williams to second
|
|
Batting: RHB Jerry Edmiston
|
0-0: DOUBLE (Line Drive, 89D, EV 106.3 MPH) Jeremy Brammer scores Justin Williams scores Eric Garrett to third
|
|
Batting: RHB Steve Waltenbery
|
0-0: Ball 1-0: Ball 2-0: Foul Ball, location: 2F 2-1: Ball 3-1: Foul Ball, location: 2F 3-2: Foul Ball, location: 2F 3-2: Base on Balls
|
|
Batting: SHB Eddie Quinones
|
0-0: Foul Ball, location: 2F 0-1: Ball 1-1: Ball 2-1: Ball 3-1: Swinging Strike 3-2: Foul Ball, location: 2F 3-2: Strikes out swinging
|
| Bottom of the 1st over - 4 runs, 3 hits, 0 errors, 3 left on base; Lakewood 0 - Hartford 4 |
| TOP OF THE 2ND |
|
Lakewood BlueClaws batting - Pitching for Hartford Yard Goats : LHP Randy Rowland
|
|
Batting: RHB Kyle Morse
|
0-0: Ball 1-0: Ball 2-0: Called Strike 2-1: Fly out, F8 (Flyball, 89M, EV 80.0 MPH)
|
|
Batting: RHB Steve Jones
|
0-0: Called Strike 0-1: Called Strike 0-2: Ball 1-2: Ball 2-2: Foul Ball, location: 2F 2-2: Ground out 3-1 (Groundball, 34, EV 89.4 MPH)
|
|
Batting: RHB William-Floyd Goof
|
0-0: Called Strike 0-1: Foul Ball, location: 2F 0-2: Ball 1-2: Ball 2-2: Strikes out swinging
|
| Top of the 2nd over - 0 runs, 0 hits, 0 errors, 0 left on base; Lakewood 0 - Hartford 4 |
| BOTTOM OF THE 2ND |
|
Hartford Yard Goats batting - Pitching for Lakewood BlueClaws : RHP Chris Perteet
|
|
Batting: SHB Bobby Santor
|
0-0: Called Strike 0-1: Ball 1-1: Ground out 4-3 (Groundball, 4, EV 86.3 MPH)
|
|
Batting: SHB Pete Perla
|
0-0: Ball 1-0: Ground out U3 (Groundball, 34, EV 83.1 MPH)
|
|
Batting: LHB Jeremy Brammer
|
0-0: Ball 1-0: Foul Ball, location: 2F 1-1: SINGLE (Line Drive, 8LS, EV 105.0 MPH)
|
|
Batting: RHB Kian-tat Chen
|
0-0: Foul Ball, location: 2F 0-1: Ball 1-1: Fly out, F7 (Flyball, 7S, EV 84.4 MPH)
|
| Bottom of the 2nd over - 0 runs, 1 hit, 0 errors, 1 left on base; Lakewood 0 - Hartford 4 |
| TOP OF THE 3RD |
|
Lakewood BlueClaws batting - Pitching for Hartford Yard Goats : LHP Randy Rowland
|
|
Batting: LHB Jose Carlos
|
0-0: Ball 1-0: Called Strike 1-1: Ball 2-1: Ball 3-1: Called Strike 3-2: Strikes out swinging
|
|
Batting: RHB Pablo Lopez
|
0-0: Called Strike 0-1: Ball 1-1: Ground out 6-3 (Groundball, 6S, EV 64.4 MPH)
|
|
Batting: SHB Mike Rueth
|
0-0: Foul Ball, location: 2F 0-1: Foul Ball, location: 2F 0-2: Ball 1-2: DOUBLE (Line Drive, 5D, EV 108.8 MPH)
|
|
Batting: RHB Alberto Ramirez
|
0-0: Called Strike 0-1: Ball 1-1: Called Strike 1-2: Ball 2-2: SINGLE (Groundball, 56D, EV 101.3 MPH) Mike Rueth to third
|
|
Batting: RHB Victor Arroyo
|
0-0: Ball 1-0: Ball 2-0: Foul Ball, location: 2F 2-1: Foul Ball, location: 2F 2-2: Ball 3-2: Strikes out swinging
|
| Top of the 3rd over - 0 runs, 2 hits, 0 errors, 2 left on base; Lakewood 0 - Hartford 4 |
| BOTTOM OF THE 3RD |
|
Hartford Yard Goats batting - Pitching for Lakewood BlueClaws : RHP Chris Perteet
|
|
Batting: RHB Justin Williams
|
0-0: Called Strike 0-1: Ball 1-1: Foul Ball, location: 2F 1-2: Ground out 6-3 (Groundball, 56D, EV 106.9 MPH)
|
|
Batting: RHB Eric Garrett
|
0-0: Ball 1-0: Ball 2-0: Called Strike 2-1: Foul Ball, location: 2F 2-2: Foul Ball, location: 2F 2-2: Ball 3-2: Foul Ball, location: 2F 3-2: Base on Balls
|
|
Batting: RHB Jerry Edmiston
|
0-0: Ball 1-0: Ball Wild Pitch! Eric Garrett to second 2-0: Ball 3-0: Called Strike 3-1: Base on Balls
|
|
Batting: RHB Steve Waltenbery
|
0-0: Ball 1-0: Called Strike 1-1: Ball 2-1: Fly out, F8 (Flyball, 89D, EV 94.4 MPH) Runner from 2nd tags up, SAFE at 3rd, no throw by CF
|
|
Pitching: RHP Omar Pineda
|
|
|
Batting: SHB Eddie Quinones
|
0-0: Foul Ball, location: 2F 0-1: Ball 1-1: DOUBLE (Line Drive, 7LS, EV 98.1 MPH) Eric Garrett scores Jerry Edmiston to third Runner from 3rd tries for Home, SAFE, throw by LF to home
|
|
Batting: SHB Bobby Santor
|
0-0: Foul Ball, location: 2F 0-1: Swinging Strike 0-2: Ball 1-2: Foul Ball, location: 2F 1-2: Fly out, F7 (Flyball, 78M, EV 76.3 MPH)
|
| Bottom of the 3rd over - 2 runs, 1 hit, 0 errors, 1 left on base; Lakewood 0 - Hartford 6 |
| TOP OF THE 4TH |
|
Lakewood BlueClaws batting - Pitching for Hartford Yard Goats : LHP Randy Rowland
|
|
Batting: RHB Danny Krug
|
0-0: Ball 1-0: Ground out 6-3 (Groundball, 6, EV 86.3 MPH)
|
|
Batting: RHB Kyle Morse
|
0-0: Ball 1-0: Called Strike 1-1: Ball 2-1: Foul Ball, location: 2F 2-2: Strikes out swinging, 2-3 out at first.
|
|
Batting: RHB Steve Jones
|
0-0: Ball 1-0: Called Strike 1-1: Ball 2-1: Foul Ball, location: 2F 2-2: Foul Ball, location: 2F 2-2: Strikes out swinging
|
| Top of the 4th over - 0 runs, 0 hits, 0 errors, 0 left on base; Lakewood 0 - Hartford 6 |
| BOTTOM OF THE 4TH |
|
Hartford Yard Goats batting - Pitching for Lakewood BlueClaws : RHP Omar Pineda
|
|
Batting: SHB Pete Perla
|
0-0: Called Strike 0-1: Fly out, F9 (Flyball, 9S, EV 86.3 MPH)
|
|
Batting: LHB Jeremy Brammer
|
0-0: Called Strike 0-1: Foul Ball, location: 2F 0-2: Strikes out swinging
|
|
Batting: RHB Kian-tat Chen
|
0-0: Called Strike 0-1: Ball 1-1: Ball 2-1: SINGLE (Groundball, 4MS, EV 71.3 MPH) (infield hit)
|
|
Batting: RHB Justin Williams
|
0-0: Called Strike Kian-tat Chen steals 2nd base 0-1: Called Strike 0-2: Ball 1-2: Ball 2-2: Ground out 1-3 (Groundball, 25, EV 70.6 MPH)
|
| Bottom of the 4th over - 0 runs, 1 hit, 0 errors, 1 left on base; Lakewood 0 - Hartford 6 |
| TOP OF THE 5TH |
|
Lakewood BlueClaws batting - Pitching for Hartford Yard Goats : LHP Randy Rowland
|
|
Batting: RHB William-Floyd Goof
|
0-0: Called Strike 0-1: Ball 1-1: Fly out, F7 (Flyball, 7S, EV 83.8 MPH)
|
|
Batting: LHB Jose Carlos
|
0-0: Swinging Strike 0-1: Ball 1-1: SINGLE (Line Drive, 5D, EV 94.4 MPH)
|
|
Batting: RHB Pablo Lopez
|
0-0: Ball 1-0: Called Strike 1-1: Swinging Strike 1-2: Ball 2-2: Strikes out swinging
|
|
Batting: SHB Mike Rueth
|
0-0: Called Strike 0-1: Reached on error, E5 (Groundball, 56, EV 103.8 MPH) Jose Carlos to second
|
|
Batting: RHB Alberto Ramirez
|
0-0: Ball 1-0: Called Strike 1-1: Fly out, F8 (Flyball, 89D, EV 77.5 MPH)
|
| Top of the 5th over - 0 runs, 1 hit, 1 error, 2 left on base; Lakewood 0 - Hartford 6 |
| BOTTOM OF THE 5TH |
|
Hartford Yard Goats batting - Pitching for Lakewood BlueClaws : RHP Omar Pineda
|
|
Batting: RHB Eric Garrett
|
0-0: Ball 1-0: Ground out 6-3 (Groundball, 6, EV 85.0 MPH)
|
|
Batting: RHB Jerry Edmiston
|
0-0: Called Strike 0-1: Called Strike 0-2: Strikes out looking
|
|
Batting: RHB Steve Waltenbery
|
0-0: Ball 1-0: Foul Ball, location: 2F 1-1: Swinging Strike 1-2: Strikes out swinging
|
| Bottom of the 5th over - 0 runs, 0 hits, 0 errors, 0 left on base; Lakewood 0 - Hartford 6 |
| TOP OF THE 6TH |
|
Lakewood BlueClaws batting - Pitching for Hartford Yard Goats : LHP Randy Rowland
|
|
Batting: RHB Victor Arroyo
|
0-0: Called Strike 0-1: Foul Ball, location: 2F 0-2: Ball 1-2: Strikes out looking
|
|
Batting: RHB Danny Krug
|
0-0: Called Strike 0-1: Ball 1-1: Ball 2-1: Ball 3-1: Foul Ball, location: 2F 3-2: Foul Ball, location: 2F 3-2: Foul Ball, location: 2F 3-2: Ground out 5-3 (Groundball, 56S, EV 85.0 MPH)
|
|
Batting: RHB Kyle Morse
|
0-0: Ball 1-0: Ball 2-0: Ball 3-0: Base on Balls
|
|
Pitching: LHP Su-wu Pi
|
|
|
Batting: RHB Steve Jones
|
0-0: Ball 1-0: Ball 2-0: Ground out 5-3 (Groundball, 56S, EV 66.9 MPH)
|
| Top of the 6th over - 0 runs, 0 hits, 0 errors, 1 left on base; Lakewood 0 - Hartford 6 |
| BOTTOM OF THE 6TH |
|
Hartford Yard Goats batting - Pitching for Lakewood BlueClaws : RHP Omar Pineda
|
|
Pitching: RHP Ricardo Dominguez
|
|
|
Batting: SHB Eddie Quinones
|
0-0: SINGLE (Line Drive, 7LS, EV 105.6 MPH)
|
|
Batting: SHB Bobby Santor
|
0-0: Ball 1-0: Ball 2-0: Foul Ball, location: 2F 2-1: Ball 3-1: Foul Ball, location: 2F 3-2: SINGLE (Groundball, 25, EV 61.3 MPH) (infield hit) Eddie Quinones to second
|
|
Batting: SHB Pete Perla
|
0-0: Foul Ball, location: 2F 0-1: Called Strike 0-2: Ball 1-2: Fielders Choice at 2nd, 5-4 (Groundball, 56, EV 86.3 MPH) Eddie Quinones to third
|
|
Batting: LHB Jeremy Brammer
|
0-0: Ball 1-0: Ball 2-0: Foul Ball, location: 2F 2-1: Grounds into double play, 6-4-3 (Groundball, 6M, EV 106.3 MPH)
|
| Bottom of the 6th over - 0 runs, 2 hits, 0 errors, 1 left on base; Lakewood 0 - Hartford 6 |
| TOP OF THE 7TH |
|
Lakewood BlueClaws batting - Pitching for Hartford Yard Goats : LHP Su-wu Pi
|
|
Batting: RHB William-Floyd Goof
|
0-0: Called Strike 0-1: Foul Ball, location: 2F 0-2: Foul Ball, location: 2F 0-2: Strikes out swinging, 2-3 out at first.
|
|
Batting: LHB Jose Carlos
|
0-0: Ball 1-0: Called Strike 1-1: Foul Ball, location: 2F 1-2: Fly out, F9 (Line Drive, 9D, EV 106.3 MPH)
|
|
Batting: RHB Pablo Lopez
|
0-0: Ball 1-0: Foul Ball, location: 2F 1-1: Swinging Strike 1-2: Strikes out looking
|
| Top of the 7th over - 0 runs, 0 hits, 0 errors, 0 left on base; Lakewood 0 - Hartford 6 |
| BOTTOM OF THE 7TH |
|
Hartford Yard Goats batting - Pitching for Lakewood BlueClaws : RHP Ricardo Dominguez
|
|
Batting: RHB Kian-tat Chen
|
0-0: Fly out, F6 (Popup, 6, EV 72.5 MPH)
|
|
Batting: RHB Justin Williams
|
0-0: Ball 1-0: Ground out 5-3 (Groundball, 56, EV 105.0 MPH)
|
|
Batting: RHB Eric Garrett
|
0-0: Swinging Strike 0-1: Foul Ball, location: 2F 0-2: Foul Ball, location: 2F 0-2: Strikes out swinging
|
| Bottom of the 7th over - 0 runs, 0 hits, 0 errors, 0 left on base; Lakewood 0 - Hartford 6 |
| TOP OF THE 8TH |
|
Lakewood BlueClaws batting - Pitching for Hartford Yard Goats : LHP Su-wu Pi
|
|
Batting: SHB Mike Rueth
|
0-0: Fly out, F8 (Flyball, 8LD, EV 104.4 MPH)
|
|
Batting: RHB Alberto Ramirez
|
0-0: Ball 1-0: Ball 2-0: Fly out, F4 (Popup, 23, EV 82.5 MPH)
|
|
Batting: RHB Victor Arroyo
|
0-0: Ball 1-0: Ball 2-0: Ball 3-0: Base on Balls
|
|
Batting: RHB Danny Krug
|
0-0: Ball 1-0: Ball 2-0: Ball Wild Pitch! Victor Arroyo to second 3-0: Called Strike 3-1: Fly out, F3 (Flyball, 3D, EV 78.1 MPH)
|
| Top of the 8th over - 0 runs, 0 hits, 0 errors, 1 left on base; Lakewood 0 - Hartford 6 |
| BOTTOM OF THE 8TH |
|
Hartford Yard Goats batting - Pitching for Lakewood BlueClaws : RHP Ricardo Dominguez
|
|
Batting: RHB Jerry Edmiston
|
0-0: Called Strike 0-1: Ground out 4-3 (Groundball, 4, EV 86.9 MPH)
|
|
Batting: RHB Steve Waltenbery
|
0-0: Fly out, F7 (Flyball, 78M, EV 95.0 MPH)
|
|
Batting: SHB Eddie Quinones
|
0-0: Ground out 1-3 (Groundball, P, EV 72.5 MPH)
|
| Bottom of the 8th over - 0 runs, 0 hits, 0 errors, 0 left on base; Lakewood 0 - Hartford 6 |
| TOP OF THE 9TH |
|
Lakewood BlueClaws batting - Pitching for Hartford Yard Goats : LHP Su-wu Pi
|
|
Batting: RHB Kyle Morse
|
0-0: Called Strike 0-1: Foul Ball, location: 2F 0-2: Ball 1-2: Ball 2-2: Ground out 6-3 (Groundball, 6, EV 81.3 MPH)
|
|
Batting: RHB Steve Jones
|
0-0: Ball 1-0: Ball 2-0: Ball 3-0: Base on Balls
|
|
Batting: RHB William-Floyd Goof
|
0-0: Called Strike 0-1: Ball Wild Pitch! Steve Jones to second 1-1: Foul Ball, location: 2F 1-2: Ball 2-2: Ground out 6-3 (Groundball, 56D, EV 101.3 MPH)
|
|
Batting: LHB Jose Carlos
|
0-0: Called Strike 0-1: Foul Ball, location: 2F 0-2: Ball 1-2: Foul Ball, location: 2F 1-2: Foul Ball, location: 2F 1-2: DOUBLE (Groundball, 3L, EV 103.1 MPH) Steve Jones scores
|
|
Pitching: LHP Greg Burngooch
|
|
|
Batting: RHB Pablo Lopez
|
0-0: Called Strike 0-1: Ball 1-1: Ground out 6-3 (Groundball, 6, EV 82.5 MPH)
|
| Top of the 9th over - 1 run, 1 hit, 0 errors, 1 left on base; Lakewood 1 - Hartford 6 |
|